 Dungeon Crawl Stone Soup version 0.31-a0-232-gb1c03b2570 (webtiles) character file.

Game seed: 10986395217416553718

20 qw the Shooter (level 2, 0/17 HPs)
             Began as a Gargoyle Hexslinger on July 7, 2023.
             Constricted to death by a ball python (1 damage)
             ... on level 1 of the Dungeon.
             The game lasted 00:00:15 (796 turns).

qw the Shooter (Gargoyle Hexslinger)                 Turns: 796, Time: 00:00:15

Health: 0/17       AC:  4    Str: 11    XL:     2   Next: 79%
Magic:  3/3        EV:  9    Int: 13    God:
Gold:   33         SH:  0    Dex: 12    Spells: 2/3 levels left

rFire   . . .        a - +1 sling
rCold   . . .        (no shield)
rNeg    + . .        c - +0 robe
rPois   inf          (no helmet)
rElec   +            (no cloak)
rCorr   .            (no gloves)
SInv    .            (no boots)
Will    .....        (no amulet)
Stlth   +            (no ring)
HPRegen 0.22/turn    (no ring)
MPRegen 0.08/turn

%: no passive effects
@: constricted
A: sickness immunity, AC +2, negative energy resistance 1, electricity
resistance, torment resistance 1, petrification resistance
a: no special abilities


You were on level 1 of the Dungeon.
You visited 1 branch of the dungeon, and saw 1 of its levels.

You collected 33 gold pieces.


Innate Abilities, Weirdness & Mutations

You are immune to sickness and miasma.
Your stone body is resilient. (AC +2)
You are immune to poison.
You resist negative energy. (rN+)
You are resistant to electric shocks. (rElec)
You are resistant to unholy torment.
You are immune to petrification.


   Skills:
 + Level 1.7 Fighting
 - Level 3.0 Ranged Weapons
 - Level 1.5 Dodging
 - Level 1.0 Spellcasting
 - Level 2.6 Hexes


You had 2 spell levels left.
You knew the following spells:

 Your Spells              Type           Power      Damage    Failure   Level
a - Slow                  Hex            28%        N/A       10%         1

Your spell library contained the following spells:

 Spells                   Type           Power      Damage    Failure   Level
 Inner Flame              Hex/Fire       4%         N/A       43%         3
 Portal Projectile        Hex/Tloc       8%         N/A       43%         3
 Cause Fear               Hex            3%         N/A       67%         4

Inventory:

Hand Weapons
 a - a +1 sling (weapon)
Armour
 c - a +0 robe (worn)
Scrolls
 b - a scroll of poison
 d - a scroll of enchant armour {unknown}
 e - a scroll of immolation {unknown}
 f - a scroll of teleportation {unknown}

Dungeon Overview and Level Annotations

Branches:
Dungeon (1/15)

Altars:

Shops:
D:1 ::


Message History

The sling bullet barely misses the kobold.
The bat hits you but does no damage. The bat completely misses you.
The jackal barely misses you. The kobold closely misses you.
The jackal bites you.
You shoot a sling bullet.
The sling bullet completely misses the kobold.
The bat barely misses you. The kobold closely misses you.
The jackal barely misses you.
You shoot a sling bullet. The sling bullet hits the kobold.
The kobold is moderately wounded.
The bat closely misses you.
The jackal bites you but does no damage.
The kobold barely misses you. The jackal barely misses you.
The kobold hits you with a +0 short sword.
You shoot a sling bullet.
The sling bullet closely misses the kobold.
The bat barely misses you. The bat hits you but does no damage.
The jackal barely misses you. The kobold misses you. The bat barely misses you.
The jackal bites you but does no damage.
You shoot a sling bullet. The sling bullet hits the kobold.
The kobold is severely wounded.
The bat barely misses you. The bat closely misses you.
The jackal bites you but does no damage.
The kobold completely misses you. The jackal closely misses you.
You shoot a sling bullet. The sling bullet hits the kobold.
You kill the kobold!
The bat hits you but does no damage. The jackal barely misses you.
The ball python bites you but does no damage.
The ball python grabs you. The ball python constricts you.
The bat barely misses you.
You shoot a sling bullet.
The sling bullet closely misses the ball python.
The bat hits you but does no damage. The jackal barely misses you.
The ball python bites you. The ball python constricts you.
The jackal bites you.
You shoot a sling bullet.
The sling bullet hits the ball python but does no damage.
The ball python bites you. The ball python constricts you.
The jackal bites you. The bat closely misses you. The ball python bites you.
The ball python constricts you.
You die...

### ##### .. ##...##
#. ###.###.#####
..#.##b###.#.# #.....#
......h@.....###.###.#
......S#........## #.#
..#.?#.##...##### #.#
.... .. ##.## #.# ...
.## #%# #.# .# .. #.#
#.# #^ ##'## #.### ..
##...## #....
##.....## ####.


You could see a jackal, a bat and a ball python.

Vanquished Creatures
  An endoplasm (D:1)
  2 giant cockroaches (D:1)
  A hobgoblin (D:1)
  2 jackals (D:1)
  A kobold (D:1)
  A quokka (D:1)
  3 ball pythons (D:1)
  3 bats (D:1)
  2 frilled lizards (D:1)
  4 rats (D:1)
20 creatures vanquished.

Notes
Turn   | Place    | Note
-------+----------+-------------------------------------------
     0 | D:1      | qw the Gargoyle Hexslinger began the quest for the Orb.
     0 | D:1      | Reached XP level 1. HP: 12/12 MP: 2/2
     0 | D:1      | 0 ||| qw: Version: 0.3-a-46-gb1f654a
     0 | D:1      | 0 ||| qw: Game counter: 2610
     0 | D:1      | 0 ||| qw: Melee chars always use a shield: true
     0 | D:1      | 0 ||| qw: God list: Okawaru
     0 | D:1      | 0 ||| qw: Allow faded altars: false
     0 | D:1      | 0 ||| qw: Do Orc after clearing Dungeon:15 true
     0 | D:1      | 0 ||| qw: Do second Lair branch before Depths: true
     0 | D:1      | 0 ||| qw: Lair rune preference: random
     0 | D:1      | 0 ||| qw: Goals: Normal
     0 | D:1      | 0 ||| PLANNING D:1-11
   182 | D:1      | Reached XP level 2. HP: 13/16 MP: 3/3
   234 | D:1      | Found Sidusm's Book Shop.
   406 | D:1      | Reached skill level 3 in Ranged Weapons
   630 | D:1      | Found Zeirany's Book Boutique.
   783 | D:1      | 783 ||| Stepping ~*~*~tactically~*~*~ (outnumbered).
   796 | D:1      | HP: 4/17 [jackal (2)]
   796 | D:1      | HP: 1/17 [ball python (3)]
   796 | D:1      | Constricted to death by a ball python

Levels and vault maps discovered:
D:1:      evilmike_arrival_plus, layout_loops_corners, serial_shops,
          nicolae_book_shop_shelving, shop

Skill      XL: |  1  2 |
---------------+-------+-----
Ranged Weapons | 3 |  3.0
Fighting       | |  1.7
Dodging        | |  1.5
Spellcasting   | |  1.0
Hexes          | |  2.6

Action                     || total
---------------------------++-------
   Fire: Sling             ||    69
 Armour: Robe              ||    14
  Dodge: Dodged            ||    44

Table legend:
 A = Non-vault XP
 B = Vault XP
 C = Vault XP percentage of total XP
 D = Non-vault monster count
 E = Vault monster count
 F = Vault count percentage of total count
                 A         B        C        D         E       F
            +---------+---------+-------+---------+---------+-------
      Total |      29 |       0 |   0.0 |      20 |       0 |   0.0
            +---------+---------+-------+---------+---------+-------
        D:1 |      29 |       0 |   0.0 |      20 |       0 |   0.0
            +---------+---------+-------+---------+---------+-------
